 Dungeon Crawl Stone Soup version 0.31.0-10-gcf4a605ca0 (webtiles) character file.

Game seed: 748095196442065214

485 Sweeb the Twirler (level 6, 0/52 HPs)
             Began as a Draconian Gladiator on Jan 26, 2024.
             Slain by a black bear (4 damage)
             ... on level 5 of the Dungeon.
             The game lasted 00:06:17 (3713 turns).

Sweeb the Twirler (Draconian Gladiator)             Turns: 3713, Time: 00:06:18

Health: 0/52       AC:  7    Str: 17    XL:     6   Next: 88%
Magic:  9/9        EV: 13    Int:  8    God:
Gold:   237        SH:  0    Dex: 14    Spells: 10/10 levels left

rFire   . . .        a - +1 quarterstaff
rCold   . . .        (shield currently unavailable)
rNeg    . . .        (body armour unavailable)
rPois   .            b - +0 hat
rElec   .            (no cloak)
rCorr   .            e - +0 pair of gloves
SInv    .            (no boots)
Will    .....        (no amulet)
Stlth   +            (no ring)
HPRegen 0.28/turn    (no ring)
MPRegen 0.11/turn

%: no passive effects
@: mighty
A: AC +6, unfitting armour, cold-blooded
a: no special abilities


You were on level 5 of the Dungeon.
You visited 1 branch of the dungeon, and saw 5 of its levels.

You collected 237 gold pieces.

Inventory:

Hand Weapons
 a - a +1 quarterstaff (weapon)
Missiles
 c - 2 throwing nets (quivered)
 d - 4 javelins
Armour
 b - a +0 hat (worn)
 e - a +0 pair of gloves (worn)
Jewellery
 f - a ring of protection from cold
Wands
 n - a wand of light (11)
Scrolls
 g - a scroll of teleportation
 l - a scroll of poison
Potions
 i - a potion of degeneration {unknown}
 j - a potion of cancellation


   Skills:
 + Level 4.1 Fighting
 * Level 5.4 Staves
 - Level 1.7 Throwing
 + Level 4.0 Dodging
 + Level 2.6 Spellcasting


You had 10 spell levels left.
You didn't know any spells.
Your spell library contained the following spells:

 Spells                   Type           Power      Damage    Failure   Level
 Ensorcelled Hibernation  Hex/Ice        2%         N/A       45%         2
 Scorch                   Fire           2%         2d5       45%         2
 Passwall                 Erth           1%         N/A       71%         3
 Swiftness                Air            1%         N/A       71%         3
 Flame Wave               Conj/Fire      1%         2d4       98%         4
 Summon Cactus Giant      Summ           0%         N/A       100%        6


Dungeon Overview and Level Annotations

Branches:
Dungeon (5/15)
 Temple: D:4-7

Altars:

Shops:
D:2 (


Innate Abilities, Weirdness & Mutations

Your plain brown scales are hard. (AC +6)
You cannot fit into any form of body armour.
You are cold-blooded and may be slowed by cold attacks.


Message History

You hit the black bear. You tail-slap the black bear.
The black bear is severely wounded.
The black bear bites you.
The black bear claws you but does no damage.
The black bear closely misses you. The black bear bites you.
The black bear completely misses you.
The black bear claws you but does no damage.
The black bear attacks as it pursues you!
The black bear barely misses you. The black bear closely misses you.
The black bear claws you but does no damage.
The black bear goes berserk!
There is a stone staircase leading up here.
Unknown command.
The black bear bites you but does no damage.
The black bear claws you. The black bear misses you.
You hit the black bear but do no damage.
The black bear is severely wounded.
The black bear closely misses you. The black bear completely misses you.
The black bear claws you. The black bear bites you!
The black bear closely misses you.
The black bear claws you but does no damage.
You sock the black bear!
You tail-slap the black bear, but do no damage.
The black bear is almost dead.
The black bear bites you but does no damage.
The black bear claws you but does no damage.
The black bear claws you.
* * * LOW HITPOINT WARNING * * *
The black bear bites you!
* * * LOW HITPOINT WARNING * * *
The black bear barely misses you. The black bear closely misses you.
It was a potion of cancellation.
You feel magically purged. The black bear bites you.
* * * LOW HITPOINT WARNING * * *
The black bear closely misses you.
The black bear claws you but does no damage.
It was a potion of might.
You feel very mighty all of a sudden. The black bear bites you.
You die...

# .# .# #.## ...#
#.##########...###
#....@hh.#.h.....#
########..<......#
###.....!.#
###...### ...#
####


You could see 2 black bears.

Vanquished Creatures
  Grinder (D:3)
  A hound (D:4)
  Ijyb (D:4)
  Natasha (D:3)
  6 gnolls
  7 adders
  2 dart slugs
  A ribbon worm (D:2)
  8 orcs
  5 endoplasms
  8 goblins
  5 hobgoblins
  4 jackals (D:4)
  4 quokkas
  9 ball pythons
  5 bats
  6 frilled lizards
  6 kobolds
  9 rats
89 creatures vanquished.

Notes
Turn   | Place    | Note
-------+----------+-------------------------------------------
     0 | D:1      | Sweeb the Draconian Gladiator began the quest for the Orb.
     0 | D:1      | Reached XP level 1. HP: 17/17 MP: 1/1
    93 | D:1      | Reached XP level 2. HP: 25/25 MP: 2/2
   469 | D:1      | Reached XP level 3. HP: 26/30 MP: 4/4
   813 | D:2      | Reached skill level 1 in Spellcasting
   961 | D:2      | Reached XP level 4. HP: 26/37 MP: 5/5
  1079 | D:2      | Reached skill level 4 in Staves
  1484 | D:2      | Found Pezoskema's Weapon Shoppe.
  1666 | D:3      | Reached XP level 5. HP: 22/45 MP: 7/7
  1877 | D:3      | Noticed Grinder
  1906 | D:3      | Killed Grinder
  1907 | D:3      | Reached skill level 5 in Staves
  1907 | D:3      | Reached XP level 6. HP: 21/52 MP: 7/9
  2241 | D:3      | Noticed Natasha
  2279 | D:3      | Killed Natasha
  2867 | D:4      | Noticed Ijyb
  2887 | D:4      | Killed Ijyb
  3698 | D:5      | Entered Level 5 of the Dungeon
  3713 | D:5      | Slain by a black bear

Illustrated notes

Levels and vault maps discovered:
D:1:      lightli_arrival_isolated_outpost, layout_rooms
D:2:      layout_basic, serial_shops, nicolae_shop_peninsula
D:3:      layout_rooms, uniq_natasha, uniq_grinder
D:4:      layout_basic, uniq_ijyb
D:5:      layout_loops_ring, mainiacjoe_overflow_alcove_1,
          mainiacjoe_ossuary_entry_dusty_tomb, corexii_checkpoint,
          uniq_eustachio

Skill      XL: |  1  2  3  4  5  6 |
---------------+-------------------+-----
Dodging        | 3 4 |  4.0
Spellcasting   | 1 2 |  2.6
Staves         | 4 5 |  5.4
Fighting       | 3 4 |  4.1
Throwing       | |  1.7

Action                     |  1- 3 |  4- 6 || total
---------------------------+-------+-------++-------
  Melee: Quarterstaff      |   100 |   193 ||   293
         Tailslap          |     5 |    26 ||    31
  Throw: Throwing net      |     1 |     1 ||     2
    Use: Potion            |     1 |     5 ||     6
         Scroll            |     1 |     7 ||     8
   Stab: Sleeping          |     1 |       ||     1
         Held in net/web   |     1 |       ||     1
 Armour: Skin              |    54 |   162 ||   216
  Dodge: Dodged            |    78 |   154 ||   232
